 Dungeon Crawl Stone Soup version 0.29.0-4-gdea44cf6ec (webtiles) character file.

Game seed: 16015915146111707440

4486 qw the Grappler (level 10, -2/91 (96) HPs)
             Began as a Troll Cinder Acolyte on Aug 31, 2022.
             Was a Priest of Ignis.
             Hit by a boomerang thrown by something (9 damage)
             ... on level 8 of the Dungeon.
             The game lasted 00:03:30 (6118 turns).

qw the Grappler (Troll Cinder Acolyte)              Turns: 6118, Time: 00:03:30

HP:   -2/91 (96)    AC:  3    Str: 28    XL:     10   Next: 16%
MP:   10/10         EV:  9    Int: 10    God:    Ignis [***...]
Gold: 0             SH:  5    Dex:  5    Spells: 11/11 levels left

rFire   + . .      SeeInvis .     - Unarmed
rCold   . . .      Faith    .   (no shield)
rNeg    . . .      Spirit   .   a - +0 robe
rPois   .          Reflect  +   (helmet restricted)
rElec   .          Harm     .   (no cloak)
rCorr   .          Rampage  .   (gloves unavailable)
Will    .....                   (boots unavailable)
Stlth   +.........              b - amulet of reflection
HPRegen 1.05/turn               (no ring)
MPRegen 0.12/turn               (no ring)

@: corroded, fiery-armoured, drained
A: large, unfitting armour, claws 3, regeneration 1, shaggy fur 1, tough skin 1
a: Renounce Religion, Fiery Armour, Foxfire Swarm, Rising Flame


You were on level 8 of the Dungeon.
You worshipped Ignis.
Ignis was most pleased with you.
You visited 1 branch of the dungeon, and saw 8 of its levels.

You collected 56 gold pieces.
You spent 56 gold pieces at shops.


Innate Abilities, Weirdness & Mutations

You are too large for most types of armour.
You have claws for hands.
Your natural rate of healing is unusually fast.
You are covered in fur. (AC +1)
You have tough skin. (AC +1)


   Skills:
 - Level 5.2 Fighting
 - Level 3.4 Throwing
 - Level 2.1 Dodging
 + Level 13.1 Unarmed Combat
 - Level 1.0 Spellcasting
 - Level 2.1 Fire Magic


You had 11 spell levels left.
You didn't know any spells.
Your spell library contained the following spells:

 Spells                   Type           Power      Damage    Failure   Level
 Scorch                   Fire           8%         2d5       22%         2

Inventory:

Armour
 a - a +0 robe (worn)
 e - +0 steam dragon scales
Jewellery
 b - an amulet of reflection (around neck)
Scrolls
 c - 2 scrolls of teleportation
 g - 2 scrolls of identify
 i - 3 scrolls of brand weapon
Potions
 d - a potion of resistance
 f - 3 potions of haste
 h - a potion of heal wounds
 j - a potion of might
 m - a potion of flight {unknown}

Dungeon Overview and Level Annotations

Branches:
Dungeon (8/15)             Temple (0/1) D:5
   Lair: D:8-11

Altars:
Ashenzari
Gozag
Hepliaklqana
Okawaru
Trog
Wu Jian
Zin
The Shining One

Shops:
D:1 ?   D:4 *   D:5 :   D:6 *

Annotations:
D:8 Maurice


Message History

The sky beast is burned by your cloak of flames.
The sky beast is moderately wounded.
You closely miss the sky beast.
The sky beast is moderately wounded.
Something hits you. Something steals your boomerang!
You feel drained. The sky beast barely misses you.
You claw the sky beast!
The sky beast is severely wounded.
You barely miss the sky beast.
The sky beast is severely wounded.
Something hits you.
Something steals 384 gold pieces!
You now have 0 gold pieces.
You feel drained.
The sky beast flickers out of sight!
Something hits you. Something shocks you.
You barely miss something.
You hear a zap.
A bolt of acid appears from out of thin air!
The bolt of acid hits you! Something completely misses you.
You barely miss something. Something hits you.
Something mutters, "Now where did you hide it?"
You feel drained. Something hits you but does no damage.
Reactivating autopickup.
You feel a bit more experienced.
There is a strange disturbance nearby!
You hear a zap.
A bolt of acid appears from out of thin air!
Deactivating autopickup; reactivate with Ctrl-A.
The bolt of acid hits you! The acid corrodes you!
You claw something! You miss something.
You hear some strange, mumbled words.
You swing at nothing.
You swing at nothing.
A boomerang appears from out of thin air!
The boomerang hits you.
You swing at nothing.
You swing at nothing.
A boomerang appears from out of thin air!
The boomerang hits you!
You die...

###....#.#. .)#.####
.......##.# ..).# #(........
# ..### .......... ..# ..
...#.# .........##..##...#
.............$....##...#...#
..................#........#
................~.........#
...##...........@........#
..## ....................#
..# #...............#. ....
..............## .#..#
........{....## .#..#
..............# ...
..............## #
...............##
..#..............###...##


There were no monsters in sight!

Vanquished Creatures
  A two-headed ogre (D:8)
  Pikel (D:6)
  A hornet (D:7)
  Sigmund (D:3)
  A vampire (D:8)
  2 wyverns (D:8)
  A steam dragon (D:8)
  Menkaure (D:7)
  A water moccasin (D:7)
  An orc warrior (D:8)
  3 sky beasts
  An ice beast (D:6)
  2 ogres (D:7)
  3 centaurs
  A phantom (D:4)
  4 bullfrogs
  2 scorpions
  2 necrophages
  5 hounds
  4 jellies
  Jessica (D:3)
  3 gnoll boudas
  5 orc wizards
  3 iguanas
  Robin (D:4)
  11 gnolls
  7 adders
  A shadow imp (D:6)
  2 white imps
  2 ufetubi
  2 worms
  19 orcs
  7 endoplasms
  A giant cockroach (D:2)
  16 goblins
  8 hobgoblins
  14 jackals
  10 kobolds
  2 quokkas
  5 ball pythons
  4 bats
  4 frilled lizards
  6 rats
172 creatures vanquished.

Vanquished Creatures (others)
  19 plants (D:7)
19 creatures vanquished.

Grand Total: 191 creatures vanquished

Notes
Turn   | Place    | Note
-------+----------+-------------------------------------------
     0 | D:1      | qw the Troll Cinder Acolyte began the quest for the Orb.
     0 | D:1      | Reached XP level 1. HP: 22/22 MP: 1/1
     0 | D:1      | 0 ||| qw: Version: 0.1-a-97-g2dd2ca4
     0 | D:1      | 0 ||| qw: Game counter: 4632
     0 | D:1      | 0 ||| qw: Always use a shield: true
     0 | D:1      | 0 ||| qw: God list: Okawaru
     0 | D:1      | 0 ||| qw: Allow faded altars: false
     0 | D:1      | 0 ||| qw: Do Orc after D:15 true
     0 | D:1      | 0 ||| qw: Do second Lair branch before Depths: true
     0 | D:1      | 0 ||| qw: Lair rune preference: random
     0 | D:1      | 0 ||| qw: Plans: Normal
     0 | D:1      | 0 ||| PLANNING D:1-11
   262 | D:1      | Reached XP level 2. HP: 29/29 MP: 2/2
   275 | D:1      | Found Odutej's Magic Scroll Emporium.
   282 | D:1      | 282 ||| SHOPLISTING scroll of enchant armour (90 gold, have
                  | 11).
   282 | D:1      | 282 ||| SHOPLISTING scroll of enchant weapon (90 gold, have
                  | 11).
   282 | D:1      | 282 ||| SHOPLISTING scroll of identify (24 gold, have 11).
   282 | D:1      | 282 ||| SHOPLISTING scroll of teleportation (36 gold, have
                  | 11).
   360 | D:1      | 360 ||| Stepping ~*~*~tactically~*~*~ (stealth).
   366 | D:1      | 366 ||| Stepping ~*~*~tactically~*~*~ (outnumbered).
   369 | D:1      | 369 ||| Stepping ~*~*~tactically~*~*~ (outnumbered).
   371 | D:1      | 371 ||| Stepping ~*~*~tactically~*~*~ (outnumbered).
   372 | D:1      | 372 ||| Stepping ~*~*~tactically~*~*~ (outnumbered).
   373 | D:1      | 373 ||| Stepping ~*~*~tactically~*~*~ (outnumbered).
   429 | D:1      | 429 ||| Stepping ~*~*~tactically~*~*~ (stealth).
   434 | D:1      | Reached skill level 4 in Unarmed Combat
   440 | D:1      | 440 ||| Stepping ~*~*~tactically~*~*~ (stealth).
   522 | D:1      | Reached XP level 3. HP: 36/36 MP: 3/3
   619 | D:1      | Found a faded altar of an unknown god.
   807 | D:1      | 807 ||| READING scroll labelled IROWIA HIWK.
   808 | D:1      | 808 ||| READING scroll labelled GAMO ETONENTUAZE.
   867 | D:2      | 867 ||| Stepping ~*~*~tactically~*~*~ (stealth).
  1381 | D:2      | 1381 ||| READING scroll labelled QUOPNYICAN.
  1399 | D:2      | 1399 ||| READING scroll labelled VOTYCSA PIEDADD.
  1400 | D:2      | 1400 ||| READING scroll labelled LEL XOAQEZOGUY.
  1401 | D:2      | 1401 ||| READING 2 scrolls labelled ZIUNAOGEUXA.
  1406 | D:2      | 1406 ||| DRINKING 2 puce potions.
  1431 | D:3      | Noticed Jessica
  1432 | D:3      | 1432 ||| Stepping ~*~*~tactically~*~*~ (hiding).
  1439 | D:3      | Killed Jessica
  1440 | D:3      | Reached skill level 5 in Unarmed Combat
  1440 | D:3      | Reached XP level 4. HP: 40/44 MP: 4/4
  1606 | D:3      | 1606 ||| Stepping ~*~*~tactically~*~*~ (stealth).
  1622 | D:3      | 1622 ||| Stepping ~*~*~tactically~*~*~ (stealth).
  1782 | D:3      | Noticed Sigmund
  1790 | D:3      | Killed Sigmund
  1791 | D:3      | Reached skill level 3 in Throwing
  1791 | D:3      | Reached XP level 5. HP: 50/50 MP: 5/5
  1852 | D:3      | 1852 ||| Stepping ~*~*~tactically~*~*~ (stealth).
  1865 | D:3      | 1865 ||| Stepping ~*~*~tactically~*~*~ (stealth).
  1868 | D:3      | 1868 ||| Stepping ~*~*~tactically~*~*~ (stealth).
  1871 | D:3      | 1871 ||| Stepping ~*~*~tactically~*~*~ (stealth).
  1877 | D:3      | 1877 ||| Stepping ~*~*~tactically~*~*~ (stealth).
  1878 | D:3      | 1878 ||| Stepping ~*~*~tactically~*~*~ (stealth).
  1993 | D:3      | 1993 ||| FLEEEEING.
  2028 | D:3      | 2028 ||| Stepping ~*~*~tactically~*~*~ (stealth).
  2033 | D:3      | Reached XP level 6. HP: 59/59 MP: 6/6
  2037 | D:3      | Found an ornate altar of the Wu Jian Council.
  2040 | D:3      | 2040 ||| READING scroll labelled CUXUEM FENU.
  2041 | D:3      | 2041 ||| READING scroll labelled MAPOOQ ETIF.
  2042 | D:3      | 2042 ||| READING scroll labelled MERRIA QOASKI.
  2043 | D:3      | 2043 ||| READING 3 scrolls of identify.
  2043 | D:3      | 2043 ||| IDENTIFYING fuming green potion
  2044 | D:3      | 2044 ||| READING 2 scrolls of identify.
  2044 | D:3      | 2044 ||| IDENTIFYING yellow potion
  2045 | D:3      | 2045 ||| DROPPING potion of invisibility.
  2046 | D:3      | 2046 ||| READING 2 scrolls of teleportation.
  2084 | D:4      | 2084 ||| INVOKING Fiery Armour.
  2087 | D:4      | 2087 ||| Stepping ~*~*~tactically~*~*~ (outnumbered).
  2088 | D:4      | 2088 ||| Stepping ~*~*~tactically~*~*~ (outnumbered).
  2089 | D:4      | 2089 ||| Stepping ~*~*~tactically~*~*~ (outnumbered).
  2093 | D:4      | 2093 ||| Stepping ~*~*~tactically~*~*~ (outnumbered).
  2121 | D:4      | 2121 ||| Stepping ~*~*~tactically~*~*~ (stealth).
  2130 | D:4      | 2130 ||| Stepping ~*~*~tactically~*~*~ (outnumbered).
  2131 | D:4      | 2131 ||| Stepping ~*~*~tactically~*~*~ (outnumbered).
  2133 | D:4      | 2133 ||| Stepping ~*~*~tactically~*~*~ (outnumbered).
  2134 | D:4      | 2134 ||| Stepping ~*~*~tactically~*~*~ (outnumbered).
  2135 | D:4      | 2135 ||| Stepping ~*~*~tactically~*~*~ (outnumbered).
  2138 | D:4      | 2138 ||| Stepping ~*~*~tactically~*~*~ (outnumbered).
  2139 | D:4      | 2139 ||| Stepping ~*~*~tactically~*~*~ (outnumbered).
  2140 | D:4      | 2140 ||| Stepping ~*~*~tactically~*~*~ (outnumbered).
  2141 | D:4      | 2141 ||| Stepping ~*~*~tactically~*~*~ (outnumbered).
  2143 | D:4      | 2143 ||| Stepping ~*~*~tactically~*~*~ (outnumbered).
  2145 | D:4      | 2145 ||| Stepping ~*~*~tactically~*~*~ (outnumbered).
  2147 | D:4      | Reached skill level 6 in Unarmed Combat
  2149 | D:4      | 2149 ||| Stepping ~*~*~tactically~*~*~ (outnumbered).
  2150 | D:4      | 2150 ||| Stepping ~*~*~tactically~*~*~ (outnumbered).
  2151 | D:4      | 2151 ||| Stepping ~*~*~tactically~*~*~ (outnumbered).
  2152 | D:4      | 2152 ||| Stepping ~*~*~tactically~*~*~ (outnumbered).
  2155 | D:4      | 2155 ||| Stepping ~*~*~tactically~*~*~ (outnumbered).
  2201 | D:4      | Found Gozag's Platinum Reserve.
  2201 | D:4      | Found an opulent altar of Gozag.
  2244 | D:4      | Reached XP level 7. HP: 66/66 MP: 7/7
  2340 | D:4      | 2340 ||| Stepping ~*~*~tactically~*~*~ (stealth).
  2350 | D:4      | 2350 ||| INVOKING Fiery Armour.
  2357 | D:4      | Reached skill level 7 in Unarmed Combat
  2358 | D:4      | 2358 ||| Stepping ~*~*~tactically~*~*~ (outnumbered).
  2362 | D:4      | 2362 ||| Stepping ~*~*~tactically~*~*~ (outnumbered).
  2363 | D:4      | 2363 ||| Stepping ~*~*~tactically~*~*~ (outnumbered).
  2365 | D:4      | 2365 ||| Stepping ~*~*~tactically~*~*~ (outnumbered).
  2371 | D:4      | 2371 ||| Stepping ~*~*~tactically~*~*~ (outnumbered).
  2372 | D:4      | 2372 ||| Stepping ~*~*~tactically~*~*~ (outnumbered).
  2373 | D:4      | 2373 ||| Stepping ~*~*~tactically~*~*~ (outnumbered).
  2383 | D:4      | Noticed Robin
  2388 | D:4      | Killed Robin
  2577 | D:5      | Entered Level 5 of the Dungeon
  2579 | D:5      | Found Keocwuar's Book Emporium.
  2651 | D:5      | 2651 ||| Stepping ~*~*~tactically~*~*~ (hiding).
  2849 | D:5      | Found a bloodstained altar of Trog.
  2968 | D:5      | Found a staircase to the Ecumenical Temple.
  3022 | D:5      | Reached skill level 8 in Unarmed Combat
  3065 | D:5      | Found a hazy altar of Hepliaklqana.
  3065 | D:5      | Found an iron altar of Okawaru.
  3199 | D:5      | 3199 ||| DRINKING 2 sedimented pink potions.
  3200 | D:5      | 3200 ||| DRINKING 3 metallic orange potions.
  3231 | D:5      | 3231 ||| DROPPING potion of degeneration.
  3232 | D:5      | 3232 ||| DROPPING 2 potions of lignification.
  3427 | D:6      | 3427 ||| INVOKING Fiery Armour.
  3430 | D:6      | Reached skill level 3 in Fighting
  3430 | D:6      | 3430 ||| FLEEEEING.
  3431 | D:6      | 3431 ||| FLEEEEING.
  3432 | D:6      | 3432 ||| FLEEEEING.
  3433 | D:6      | 3433 ||| FLEEEEING.
  3434 | D:6      | 3434 ||| FLEEEEING.
  3435 | D:6      | 3435 ||| FLEEEEING.
  3436 | D:6      | 3436 ||| FLEEEEING.
  3437 | D:6      | 3437 ||| FLEEEEING.
  3438 | D:6      | 3438 ||| FLEEEEING.
  3440 | D:6      | 3440 ||| FLEEEEING.
  3441 | D:6      | 3441 ||| FLEEEEING.
  3442 | D:6      | 3442 ||| FLEEEEING.
  3443 | D:6      | 3443 ||| FLEEEEING.
  3444 | D:6      | 3444 ||| FLEEEEING.
  3445 | D:6      | 3445 ||| FLEEEEING.
  3446 | D:6      | 3446 ||| STAIRDANCE
  3462 | D:5      | 3462 ||| READING scroll labelled NIFAJE KIRAEFOO.
  3462 | D:5      | Identified a scroll of acquirement
  3462 | D:5      | 3462 ||| ACQUIRING amulet of reflection
  3462 | D:5      | Acquired an amulet of reflection
  3464 | D:5      | 3464 ||| UPGRADING to amulet of reflection.
  3469 | D:5      | 3469 ||| READING scroll labelled ROTAUT NUPE.
  3478 | D:6      | Reached XP level 8. HP: 75/75 MP: 8/8
  3483 | D:6      | 3483 ||| Stepping ~*~*~tactically~*~*~ (hiding).
  3484 | D:6      | 3484 ||| Stepping ~*~*~tactically~*~*~ (hiding).
  3604 | D:6      | Noticed Pikel
  3623 | D:6      | 3623 ||| INVOKING Fiery Armour.
  3623 | D:6      | Killed Pikel
  3624 | D:6      | Reached skill level 9 in Unarmed Combat
  3678 | D:6      | Reached skill level 10 in Unarmed Combat
  3711 | D:6      | 3711 ||| Stepping ~*~*~tactically~*~*~ (stealth).
  3713 | D:6      | 3713 ||| Stepping ~*~*~tactically~*~*~ (hiding).
  3716 | D:6      | 3716 ||| Stepping ~*~*~tactically~*~*~ (hiding).
  3720 | D:6      | 3720 ||| Stepping ~*~*~tactically~*~*~ (outnumbered).
  3737 | D:6      | 3737 ||| Stepping ~*~*~tactically~*~*~ (stealth).
  3738 | D:6      | 3738 ||| Stepping ~*~*~tactically~*~*~ (stealth).
  3739 | D:6      | 3739 ||| Stepping ~*~*~tactically~*~*~ (stealth).
  4092 | D:6      | Found Gacejypue's General Store.
  4537 | D:6      | 4537 ||| READING 4 scrolls of teleportation.
  4538 | D:6      | 4538 ||| STAIRDANCE
  4600 | D:7      | 4600 ||| Stepping ~*~*~tactically~*~*~ (outnumbered).
  4601 | D:7      | 4601 ||| STAIRDANCE
  4608 | D:7      | 4608 ||| STAIRDANCE
  4683 | D:7      | Reached XP level 9. HP: 84/84 MP: 9/9
  4729 | D:7      | Found a glowing silver altar of Zin.
  4830 | D:7      | Noticed Menkaure
  4832 | D:7      | 4832 ||| Stepping ~*~*~tactically~*~*~ (outnumbered).
  4833 | D:7      | 4833 ||| Stepping ~*~*~tactically~*~*~ (outnumbered).
  4834 | D:7      | 4834 ||| Stepping ~*~*~tactically~*~*~ (outnumbered).
  4840 | D:7      | 4840 ||| INVOKING Fiery Armour.
  4840 | D:7      | HP: 7/84 [Menkaure (15)]
  4840 | D:7      | Killed Menkaure
  4841 | D:7      | Reached skill level 11 in Unarmed Combat
  4841 | D:7      | 4841 ||| READING 3 scrolls of teleportation.
  4926 | D:7      | Paralysed by a hornet for 3 turns
  5086 | D:7      | 5086 ||| Stepping ~*~*~tactically~*~*~ (stealth).
  5087 | D:7      | 5087 ||| Stepping ~*~*~tactically~*~*~ (stealth).
  5177 | D:7      | 5177 ||| Stepping ~*~*~tactically~*~*~ (stealth).
  5179 | D:7      | 5179 ||| Stepping ~*~*~tactically~*~*~ (hiding).
  5183 | D:7      | 5183 ||| INVOKING Fiery Armour.
  5185 | D:7      | 5185 ||| Stepping ~*~*~tactically~*~*~ (hiding).
  5186 | D:7      | 5186 ||| Stepping ~*~*~tactically~*~*~ (hiding).
  5187 | D:7      | 5187 ||| Stepping ~*~*~tactically~*~*~ (hiding).
  5200 | D:7      | 5200 ||| Stepping ~*~*~tactically~*~*~ (stealth).
  5201 | D:7      | 5201 ||| Stepping ~*~*~tactically~*~*~ (stealth).
  5213 | D:7      | 5213 ||| Stepping ~*~*~tactically~*~*~ (hiding).
  5221 | D:7      | 5221 ||| FLEEEEING.
  5319 | D:7      | Found a broken altar of Ashenzari.
  5413 | D:7      | 5413 ||| DRINKING 3 viscous red potions.
  5514 | D:7      | 5514 ||| READING 2 scrolls of identify.
  5514 | D:7      | 5514 ||| IDENTIFYING golden potion
  5515 | D:7      | 5515 ||| DROPPING 2 potions of ambrosia.
  5534 | D:7      | 5534 ||| Stepping ~*~*~tactically~*~*~ (stealth).
  5565 | D:6      | 5565 ||| BUYING scroll of identify (28 gold).
  5565 | D:6      | Bought a scroll of identify for 28 gold pieces
  5565 | D:6      | 5565 ||| BUYING scroll of identify (28 gold).
  5565 | D:6      | Bought a scroll of identify for 28 gold pieces
  5567 | D:6      | 5567 ||| READING 3 scrolls of identify.
  5567 | D:6      | 5567 ||| IDENTIFYING murky ruby potion
  5568 | D:6      | 5568 ||| READING 2 scrolls of identify.
  5568 | D:6      | 5568 ||| IDENTIFYING viscous purple potion
  5569 | D:6      | 5569 ||| DROPPING potion of attraction.
  5588 | D:8      | Found a glowing golden altar of the Shining One.
  5592 | D:8      | 5592 ||| STAIRDANCE
  5599 | D:7      | Reached skill level 12 in Unarmed Combat
  5625 | D:8      | 5625 ||| STAIRDANCE
  5672 | D:8      | 5672 ||| Stepping ~*~*~tactically~*~*~ (hiding).
  5860 | D:8      | 5860 ||| Stepping ~*~*~tactically~*~*~ (hiding).
  5862 | D:8      | 5862 ||| Stepping ~*~*~tactically~*~*~ (hiding).
  5877 | D:8      | 5877 ||| Stepping ~*~*~tactically~*~*~ (hiding).
  5901 | D:8      | Noticed a two-headed ogre
  5908 | D:8      | Killed a two-headed ogre
  5909 | D:8      | Reached XP level 10. HP: 64/96 MP: 10/10
  6065 | D:8      | Reached skill level 13 in Unarmed Combat
  6096 | D:8      | Noticed Maurice
  6106 | D:8      | 6106 ||| INVOKING Fiery Armour.
  6109 | D:8      | HP: 22/92 [something (6)]
  6111 | D:8      | HP: 10/90 [something (1)]
  6112 | D:8      | HP: 4/91 [something/bolt of acid (7)]
  6118 | D:8      | Hit by a boomerang thrown by something

Levels and vault maps discovered:
D:1:      lemuel_arrival_tunnels, layout_basic,
          hellmonk_ecumenical_altar_leap_of_faith, serial_shops, shop
D:2:      layout_basic, minivault_23
D:3:      layout_rooms, lemuel_coloured_pillars_altar, uniq_sigmund,
          uniq_jessica
D:4:      layout_cave_pools, nicolae_gozag_zags_fifth_avenue, uniq_robin
D:5:      layout_basic, bloody_trog, gammafunk_temple_overflow_wave,
          minmay_temple_entry_ruins, serial_shops, nicolae_shop_waterfront
D:6:      layout_layer_cave, serial_shops, nicolae_take_the_stairs, uniq_pikel
D:7:      layout_loops_cross, hangedman_feature_mirror, minmay_misc_feat_tower,
          nicolae_grassy_gnolls, uniq_menkaure
D:8:      layout_cave_pools, mainiacjoe_overflow_alcove_1, uniq_maurice

Skill      XL: |  1  2  3  4  5  6  7  8  9 10 |
---------------+-------------------------------+-----
Unarmed Combat | 4 5 6 8 10 12 13 | 13.1
Throwing       | 3 |  3.4
Fighting       | 3 4 5 |  5.2
Dodging        | 2 |  2.1
Spellcasting   | |  1.0
Fire Magic     | |  2.1

Action                   |  1- 3 |  4- 6 |  7- 9 | 10-12 || total
-------------------------+-------+-------+-------+-------++-------
Melee: Unarmed           |   114 |    63 |   227 |    18 ||   422
       Punch             |     2 |       |     7 |       ||     9
Throw: Javelin           |       |    10 |    10 |       ||    20
       Boomerang         |       |       |     4 |       ||     4
Invok: Fiery Armour      |       |     1 |     5 |     1 ||     7
  Use: Scroll            |     6 |     6 |     7 |       ||    19
       Potion            |     1 |       |     3 |       ||     4
Armor: Robe              |    32 |    40 |    38 |     3 ||   113
Dodge: Dodged            |    33 |    30 |    66 |     7 ||   136
Block: Other             |       |       |    22 |     1 ||    23
       Reflection        |       |       |       |     1 ||     1

Table legend:
 A = Non-vault XP
 B = Vault XP
 C = Vault XP percentage of total XP
 D = Non-vault monster count
 E = Vault monster count
 F = Vault count percentage of total count
                 A         B        C        D         E       F
            +---------+---------+-------+---------+---------+-------
      Total |    5004 |    1405 |  21.9 |     148 |      24 |  14.0
            +---------+---------+-------+---------+---------+-------
        D:1 |      46 |       0 |   0.0 |      27 |       0 |   0.0
        D:2 |      27 |       0 |   0.0 |      14 |       0 |   0.0
        D:3 |      45 |     263 |  85.4 |      18 |       2 |  10.0
        D:4 |     401 |      37 |   8.4 |      25 |      13 |  34.2
        D:5 |     344 |       0 |   0.0 |      11 |       0 |   0.0
        D:6 |     869 |     607 |  41.1 |      21 |       1 |   4.5
        D:7 |    1081 |     498 |  31.5 |      16 |       8 |  33.3
        D:8 |    2191 |       0 |   0.0 |      16 |       0 |   0.0
            +---------+---------+-------+---------+---------+-------
